 Dungeon Crawl Stone Soup version 0.22.1-1-ga44c0e56f4 (webtiles) character file.

840 Gargoyl the Skirmisher (level 7, -3/61 HPs)
             Began as a Centaur Abyssal Knight on Oct 31, 2018.
             Was a Believer of Lugonu.
             Killed by divine providence
             ... invoked by an orc priest
              (8 damage)
             ... on level 4 of the Dungeon.
             The game lasted 00:06:52 (4112 turns).

Gargoyl the Skirmisher (Centaur Abyssal Knight)     Turns: 4112, Time: 00:06:53

Health: -3/61      AC: 12    Str: 13    XL:     7   Next: 67%
Magic:  10/10      EV:  8    Int: 15    God:    Lugonu [**....]
Gold:   192        SH:  0    Dex: 10    Spells: 6/6 levels left

rFire    . . .     SeeInvis .   d - +6 falchion of the Coward {venom, Fragile rElec rN++ Int+4}
rCold    . . .     Gourm    .   (no shield)
rNeg     + + .     Faith    .   e - +4 ring mail {MR+}
rPois    .         Spirit   .   g - +0 helmet
rElec    +         Reflect  .   o - +0 cloak
rCorr    .         Harm     .   (no gloves)
MR       ++...                  (no barding)
Stlth    ..........             (no amulet)
HPRegen  0.20/turn              f - ring of protection from magic
MPRegen  0.12/turn              m - -2 ring of strength (curse)

@: flying, very quick
A: large, hooves 3, deformed body, speed 2, tough skin 3
a: Depart the Abyss, Bend Space, Renounce Religion


You were on level 4 of the Dungeon.
You worshipped Lugonu.
Lugonu was pleased with you.
You were not hungry.

You visited 1 branch of the dungeon, and saw 4 of its levels.
You visited the Abyss 1 time.

You collected 192 gold pieces.

Inventory:

Hand Weapons
 a - a +1 hand axe
 d - the +6 falchion of the Coward (weapon) {venom, Fragile rElec rN++ Int+4}
   (You found it on level 2 of the Abyss)

   It poisons the flesh of those it strikes.
   It affects your intelligence (+4).
   It insulates you from electricity.
   It greatly protects you from negative energy.
   It will be destroyed if unequipped.
Armour
 e - a +4 ring mail of magic resistance (worn)
 g - a +0 helmet (worn)
 o - a +0 cloak (worn)
Jewellery
 f - a ring of protection from magic (left hand)
 m - a cursed -2 ring of strength (right hand)
Wands
 n - a wand of disintegration (13)
Scrolls
 b - 2 scrolls of identify
 p - a scroll of magic mapping {unknown}
 q - a scroll of teleportation
Potions
 i - a potion of agility
 j - a potion of might {unknown}
 k - a potion of brilliance {unknown}
 l - a potion of flight
Comestibles
 c - 5 rations
 r - a chunk of flesh


   Skills:
 + Level 5.0 Fighting
 + Level 3.4 Long Blades
 + Level 2.2 Axes
 * Level 3.6 Armour
 + Level 1.9 Dodging
 * Level 4.1 Invocations


You had 6 spell levels left.
You didn't know any spells.
Your spell library contained the following spells:

 Spells                   Type           Power        Failure   Level  Hunger
 Throw Frost              Conj/Ice       #.....       63%         2    ###....
 Fulminant Prism          Conj/Hex       #.........   99%         4    #####..
 Iskenderun's Mystic Bla  Conj           #.......     99%         4    #####..
 Sticky Flame             Conj/Fire      #.......     99%         4    #####..


Dungeon Overview and Level Annotations

Branches:
Dungeon (4/15)
 Temple: D:4-7

Altars:
Ru

Annotations:
D:4 1 runed door, Reeggar's ghost, amateur DDFi


Innate Abilities, Weirdness & Mutations

You have hooves in place of feet.
Armour fits poorly on your strangely shaped body.
You cover ground very quickly.
You have extremely tough skin. (AC +3)


Message History

You feel better.
You kill the orc priest!
Lugonu accepts your kill. The orc priest hits you with a war axe.
* * * LOW HITPOINT WARNING * * *
Unknown command.
You closely miss the orc priest. Your kick misses the orc priest.
The orc priest hits you with a war axe.
* * * LOW HITPOINT WARNING * * *
You hit the orc priest but do no damage.
The orc priest is poisoned.
You kick the orc priest.
The orc priest is moderately wounded.
The orc priest hits you with a war axe!
* * * LOW HITPOINT WARNING * * *
It was a potion of flight.
You feel very buoyant.
You fly up into the air.
The orc priest invokes the aid of Beogh against you.
Beogh smites you!
You die...

#..##⌠##....###..#
..##...##.......##
###.#.##..!..##.....##
##.....+...♣..⌠#...###
####......##..%%.##...####..
...........##...##...........
#..........##W##............
#...........###o.##########.
##.[...........@)##
#............#.###
#......†.......# ###
............)### ##.#####
..............# ##......###
#.............###..#####).#
..............##(.## ##÷#
..............#.[## #.#
......).........## #.#


You could see an orc priest and Reeggar's ghost.

Vanquished Creatures
  An eye of draining (Abyss:2)
  2 bullfrogs
  A scorpion (D:3)
  A bullfrog skeleton (D:4)
  7 orc priests
  4 orc wizards
  Crazy Yiuf (D:3)
  Ijyb (D:3)
  Natasha (twice) (D:2)
  Robin (D:2)
  2 adders
  A worm (D:2)
  A dart slug (D:2)
  A leopard gecko (D:4)
  13 orcs
  2 giant cockroaches
  10 hobgoblins
  4 jackals (D:3)
  7 kobolds
  2 quokkas (D:2)
  6 bats
  3 frilled lizards
  11 goblins
  A quokka zombie (D:2)
  3 rats
88 creatures vanquished.

Notes
Turn   | Place    | Note
-------+----------+-------------------------------------------
     0 | Abyss:1  | Gargoyl the Centaur Abyssal Knight began the quest for the
                  | Orb.
     0 | Abyss:1  | Reached XP level 1. HP: 19/19 MP: 2/2
    34 | Abyss:2  | Identified the Reference Book on Attacks
    54 | Abyss:2  | Got a fine falchion
    55 | Abyss:2  | Identified the +6 falchion of the Coward {venom, Fragile
                  | rElec rN++ Int+4} (You found it on level 2 of the Abyss)
    63 | Abyss:2  | Noticed an eye of draining
    66 | Abyss:2  | Noticed a small abomination
    72 | Abyss:2  | Killed an eye of draining
    72 | Abyss:2  | Reached skill level 4 in Fighting
    72 | Abyss:2  | Reached XP level 2. HP: 28/28 MP: 0/3
    72 | Abyss:2  | Reached XP level 3. HP: 34/34 MP: 0/4
    72 | Abyss:2  | Reached XP level 4. HP: 41/41 MP: 0/5
    78 | D:1      | Escaped the Abyss
   930 | D:2      | Reached * piety under Lugonu
  1050 | D:2      | Noticed Robin
  1411 | D:2      | Killed Robin
  1411 | D:2      | Reached XP level 5. HP: 47/47 MP: 6/6
  1519 | D:2      | Noticed Natasha
  1527 | D:2      | Killed Natasha
  1649 | D:2      | Reached skill level 1 in Dodging
  1727 | D:2      | Reached skill level 1 in Long Blades
  1894 | D:2      | Noticed Natasha
  1903 | D:2      | Killed Natasha
  1903 | D:2      | Reached XP level 6. HP: 46/53 MP: 8/8
  2175 | D:3      | Reached ** piety under Lugonu
  2355 | D:3      | Noticed Ijyb
  2363 | D:3      | Killed Ijyb
  2513 | D:3      | Found a runed door.
  2582 | D:3      | Found a sacrificial altar of Ru.
  2872 | D:3      | Noticed Crazy Yiuf
  2875 | D:3      | Killed Crazy Yiuf
  3451 | D:4      | Reached XP level 7. HP: 54/60 MP: 9/9
  3768 | D:4      | Found a runed door.
  3769 | D:4      | Noticed Reeggar's ghost (amateur DDFi)
  3978 | D:4      | Reached skill level 5 in Fighting
  4112 | D:4      | Killed from afar by an orc priest

Skill      XL: |  1  2  3  4  5  6  7 |
---------------+----------------------+-----
Fighting       | 4 5 |  5.0
Axes           | 2 |  2.2
Armour         | 2 3 |  3.6
Dodging        | 1 |  1.9
Long Blades    | 1 2 3 |  3.4
Invocations    | 3 4 |  4.1

Action                   |  1- 3 |  4- 6 |  7- 9 || total
-------------------------+-------+-------+-------++-------
Melee: Falchion          |     4 |   135 |    60 ||   199
       Kick              |     3 |    28 |    14 ||    45
Invok: Depart the Abyss  |       |     1 |       ||     1
  Use: Scroll            |       |     8 |       ||     8
       Potion            |       |       |     2 ||     2
  Eat: Chunk             |       |     3 |     2 ||     5
       Ration            |       |     1 |       ||     1
Armor: Ring mail         |       |   107 |    42 ||   149
       Leather armour    |       |     6 |       ||     6
Dodge: Dodged            |       |    88 |    28 ||   116
       Rpst.: Falchion   |       |    24 |     9 ||    33
